 Dungeon Crawl Stone Soup version 0.31-a0-875-g02e7d12df6 (webtiles) character file.

Game seed: 12647767625666167094

1215 LeprechaunX the Changeling (level 8, 0/78 (81) HPs)
             Began as an Octopode Shapeshifter on Oct 12, 2023.
             Was an Initiate of Hepliaklqana.
             Slain by a wight
             ... wielding a +0 war axe
              (5 damage)
             ... on level 6 of the Dungeon.
             The game lasted 00:06:39 (4344 turns).

LeprechaunX the Changeling (Octopode Shapeshifter)  Turns: 4344, Time: 00:06:41

HP:   0/78 (81)     AC: 24    Str: 15    XL:     8   Next: 46%
MP:   8/9           EV:  2    Int: 13    God:    Hepliaklqana [......]
Gold: 252           SH:  0    Dex: 11    Spells: 7/7 levels left

rFire   . .          .
                       - Unarmed
rCold   . . .        (no shield)
rNeg    . . .        (helmet currently unavailable)
rPois   +            h - amulet of the acrobat
rElec   .            (no ring)
rCorr   .            (no ring)
SInv    .            (no ring)
Will    .....        (no ring)
Stlth   +            (no ring)
HPRegen 0.33/turn    (no ring)
MPRegen 0.11/turn    (no ring)
                     (no ring)

%: acrobat
@: tree-form, lightly drained
A: stationary, stasis, torment immunity, boosted hp, almost no armour,
(amphibious), 8 rings, (camouflage 1), (gelatinous body 1), (nimble swimmer 1),
(tentacles)
a: Renounce Religion


You were on level 6 of the Dungeon.
You worshipped Hepliaklqana.
Hepliaklqana was noncommittal.
You were a tree.
You visited 2 branches of the dungeon, and saw 7 of its levels.

You collected 252 gold pieces.

Inventory:

Hand Weapons
 a - a +0 sling
Missiles
 n - 2 boomerangs
 r - 4 javelins (quivered)
Jewellery
 h - an amulet of the acrobat (around neck)
Talismans
 b - a beast talisman
 c - a flux talisman
 o - a blade talisman
Wands
 q - a wand of polymorph (11)
 v - a wand of mindburst (20)
Scrolls
 d - a scroll of blinking {unknown}
 e - a scroll of poison {unknown}
 g - a scroll of brand weapon {unknown}
 i - 2 scrolls of teleportation {unknown}
 j - 4 scrolls of identify {unknown}
 l - 4 scrolls of enchant weapon {unknown}
 m - a scroll of amnesia {unknown}
 u - a scroll of fear {unknown}
Potions
 f - a potion of heal wounds {unknown}
 k - 2 potions of lignification
 p - a potion of curing {unknown}
 s - a potion of might {unknown}
 t - a potion of attraction {unknown}
 w - a potion of cancellation {unknown}


   Skills:
 + Level 4.0 Fighting
 - Level 2.5 Ranged Weapons
 + Level 4.4 Dodging
 + Level 4.9 Unarmed Combat
 + Level 1.5 Invocations
 + Level 1.5 Evocations
 * Level 6.0 Shapeshifting


You had 7 spell levels left.
You didn't know any spells.
Your spell library contained the following spells:

 Spells                   Type           Power      Damage    Failure   Level
 Foxfire                  Conj/Fire      0%         2x1d4     30%         1
 Plasma Beam              Fire/Air       0%         2x1d10    100%        6
 Starburst                Conj/Fire      0%         6d3       100%        6


Dungeon Overview and Level Annotations

Branches:
Dungeon (6/15)             Temple (1/1) D:5

Altars:
Ashenzari
Dithmenos
Elyvilon
Gozag
Hepliaklqana
Kikubaaqudgha
Makhleb
Nemelex Xobeh
Okawaru
Qazlal
Ru
Sif Muna
Uskayaw
Vehumet
Wu Jian
Zin

Shops:
D:5 *


Innate Abilities, Weirdness & Mutations

You are a tree.
Your roots penetrate the ground, keeping you stationary.
You cannot be teleported.
You are immune to unholy pain and torment.
Your maximum health is greatly increased.
You cannot wear most types of armour.
((You are amphibious.))
You can wear up to eight rings at the same time.
((Your skin changes colour to match your surroundings (Stealth+).))
((Your rubbery body absorbs attacks. (AC +1, EV +1)))
((You are camouflaged when in or above water. (Stealth+)))
((You have tentacles for arms and can constrict up to eight enemies at once.))


Message History

The centaur hits you.
* * * LOW HITPOINT WARNING * * *
The centaur completely misses you.
You hit the centaur but do no damage.
You punch the centaur, but do no damage.
The centaur is moderately wounded.
The centaur hits you but does no damage.
The centaur kicks you.
* * * LOW HITPOINT WARNING * * *
The wight hits you but does no damage. x2; The centaur completely misses you.
The centaur kicks you but does no damage.
You smack the wight!
You destroy the wight!
The wight hits you from afar with a +0 halberd.
* * * LOW HITPOINT WARNING * * *
The centaur hits you but does no damage.
The centaur barely misses you.
You barely miss the centaur.
The centaur is moderately wounded.
The centaur hits you but does no damage.
The centaur kicks you but does no damage.
The wight hits you but does no damage.
You smack the wight!
The wight is severely damaged.
The centaur hits you but does no damage.
The centaur kicks you but does no damage.
An orc wizard comes into view. It is wielding a +0 dagger.
The wight hits you but does no damage. The wight hits you with a +0 war axe.
* * * LOW HITPOINT WARNING * * *
You feel drained.
The centaur hits you but does no damage.
The centaur kicks you but does no damage.
Okay, then.
You barely miss the wight.
The wight is severely damaged.
The centaur hits you but does no damage.
The centaur kicks you.
* * * LOW HITPOINT WARNING * * *
The wight barely misses you. The wight hits you with a +0 war axe.
You die...

.... #..z.. z ...
#....#.#
#..##....#.# #.
#.o........##
..... ...........#
...... #........#
......####z......#
.....o.♣z.(...).#
#......)c.......#.
#.#...............
#.........##....
##......### .#.
##......# #
#.†<...## #.†....#
########


You could see a centaur, 2 wights and an orc wizard.

Vanquished Creatures
  An ice beast (D:6)
  3 black bears
  An ogre (D:4)
  A phantom (D:4)
  A scorpion (D:4)
  2 wights (D:6)
  A howler monkey (D:5)
  A bullfrog zombie (D:4)
  A hound (D:4)
  An orc priest (D:4)
  2 jellies
  Terence (D:3)
  2 iguanas
  2 orc wizards
  9 adders
  4 gnolls (D:5)
  3 adder zombies (D:4)
  2 worms (D:2)
  2 dart slugs (D:3)
  11 orcs
  8 endoplasms
  2 giant cockroaches
  11 goblins
  5 hobgoblins
  3 jackals (D:2)
  4 kobolds
  3 quokkas
  8 ball pythons
  4 bats
  3 frilled lizards
  5 rats
107 creatures vanquished.

Notes
Turn   | Place    | Note
-------+----------+-------------------------------------------
     0 | D:1      | LeprechaunX the Octopode Shapeshifter began the quest for
                  | the Orb.
     0 | D:1      | Reached XP level 1. HP: 13/13 MP: 1/1
   169 | D:1      | Reached XP level 2. HP: 11/18 MP: 2/2
   815 | D:1      | Reached XP level 3. HP: 21/23 MP: 3/3
  1227 | D:2      | Reached XP level 4. HP: 29/29 MP: 4/4
  1497 | D:2      | Reached skill level 4 in Shapeshifting
  1497 | D:2      | Reached XP level 5. HP: 24/34 MP: 5/5
  2189 | D:3      | Found a burning altar of Makhleb.
  2393 | D:3      | Noticed Terence
  2475 | D:3      | Killed Terence
  2834 | D:4      | Reached skill level 1 in Ranged Weapons
  2834 | D:4      | Reached XP level 6. HP: 13/41 MP: 6/6
  2989 | D:4      | Noticed a black bear
  2999 | D:4      | Killed a black bear
  3084 | D:4      | Noticed a black bear
  3095 | D:4      | Killed a black bear
  3096 | D:4      | Reached XP level 7. HP: 21/46 MP: 7/7
  3198 | D:4      | Reached skill level 5 in Shapeshifting
  3742 | D:5      | Entered Level 5 of the Dungeon
  3750 | D:5      | Found a staircase to the Ecumenical Temple.
  3863 | D:5      | Found Gozag's Platinum Reserve.
  3868 | D:5      | Found an opulent altar of Gozag.
  3916 | Temple   | Entered the Ecumenical Temple
  3937 | Temple   | Became a worshipper of Hepliaklqana the Forgotten
  3978 | D:5      | Reached XP level 8. HP: 37/53 MP: 8/8
  4118 | D:5      | Identified the +8 flail of Gogill {protect, *Noise rPois
                  | Int+7}
  4308 | D:6      | Reached skill level 1 in Invocations
  4308 | D:6      | Reached skill level 1 in Evocations
  4339 | D:6      | Reached skill level 6 in Shapeshifting
  4344 | D:6      | Slain by a wight

Illustrated notes

Levels and vault maps discovered:
D:1:      onia_arrival_mini_maze, layout_loops_ring, minmay_small_reverse_x
D:2:      layout_loops_corners
D:3:      layout_rooms, mainiacjoe_overflow_surrounded_room, kennysheep_boxes,
          uniq_terence
D:4:      layout_gridville, serial_undead, serial_undead_b, serial_undead_e,
          serial_undead_c, serial_undead_b
D:5:      layout_loops_cross, marbit_many_paths,
          nicolae_gozag_zags_fifth_avenue, minmay_temple_entry_trees
D:6:      layout_cave_pools, serial_column_ruins, column_ruins_hut,
          column_ruins_temple_circle, column_ruins_open_medium,
          column_ruins_columns_straight, column_ruins_columns_dead_end,
          column_ruins_corridor_straight, column_ruins_grid_1, nzn_random_ring
Temple:   nicolae_temple_superstar

Skill      XL: |  1  2  3  4  5  6  7  8 |
---------------+-------------------------+-----
Fighting       | 2 3 4 |  4.0
Shapeshifting  | 4 5 6 |  6.0
Dodging        | 3 4 |  4.4
Ranged Weapons | 1 2 |  2.5
Unarmed Combat | 4 |  4.9
Invocations    | 1 |  1.5
Evocations     | 1 |  1.5

Action                     |  1- 3 |  4- 6 |  7- 9 || total
---------------------------+-------+-------+-------++-------
  Melee: Unarmed           |    52 |   102 |    73 ||   227
         Tentacles         |     6 |    17 |    18 ||    41
         Constrict         |     6 |    24 |    14 ||    44
         Punch             |       |     3 |     4 ||     7
   Fire: Sling             |       |    37 |    45 ||    82
  Throw: Javelin           |       |       |     7 ||     7
    Use: Potion            |       |       |     1 ||     1
   Stab: Sleeping          |    10 |     3 |     2 ||    15
 Armour: Skin              |    14 |    54 |    55 ||   123
  Dodge: Dodged            |    20 |    51 |    42 ||   113

Table legend: (Time is in decaauts)
 A = Elapsed time spent in this place.
 B = Non-inter-level travel time spent in this place.
 C = Inter-level travel time spent in this place.
 D = Time resting spent in this place.
 E = Time spent auto-exploring this place.
 F = Levels seen in this place.
 G = Mean time per level.
                   A        B        C        D        E       F      G
               +--------+--------+--------+--------+--------+-----+--------+
         Total |   4350 |   4109 |    241 |    238 |   3063 |   7 |  621.4 |
       Dungeon |   4307 |   4106 |    201 |    238 |   3063 |   6 |  717.8 |
        Temple |     42 |      2 |     40 |      0 |      0 |   1 |   42.0 |
               +--------+--------+--------+--------+--------+-----+--------+

Top non-repeatable levels by time:
     D:2: 1245 daAuts
     D:1: 892 daAuts
     D:4: 805 daAuts
     D:3: 799 daAuts
     D:5: 470 daAuts
     D:6: 95 daAuts
  Temple: 42 daAuts
